 Dungeon Crawl Stone Soup version 0.24-a0-190-g063869c372 (webtiles) character file.

Game seed: 1066465852524354091

113 MrRokkomies the Sneak (level 4, -15/27 HPs)
             Began as an Octopode Enchanter on Mar 18, 2019.
             Demolished by an ogre
             ... wielding a +0 giant club
              (25 damage)
             ... on level 3 of the Dungeon.
             The game lasted 00:04:33 (2222 turns).

MrRokkomies the Sneak (Octopode Enchanter)          Turns: 2222, Time: 00:04:33

Health: -15/27     AC:  1    Str:  7    XL:     4   Next: 96%
Magic:  5/7        EV: 13    Int: 18    God:
Gold:   83         SH:  0    Dex: 12    Spells: 1/7 levels left

rFire    . . .     SeeInvis .   a - +1 short sword (drain)
rCold    . . .     Gourm    .   (no shield)
rNeg     . . .     Faith    .   (helmet restricted)
rPois    .         Spirit   .   (no amulet)
rElec    .         Reflect  .   (no ring)
rCorr    .         Harm     .   (no ring)
MR       .....                  (no ring)
Stlth    ++++......             (no ring)
HPRegen  0.09/turn              (no ring)
MPRegen  0.10/turn              (no ring)
                                (no ring)
                                (no ring)

@: no status effects
A: almost no armour, stealthy swim, amphibious, 8 rings, constrict 8, camouflage
1, gelatinous body 1
a: no special abilities


You were on level 3 of the Dungeon.
You were not hungry.

You visited 1 branch of the dungeon, and saw 3 of its levels.

You collected 83 gold pieces.

Inventory:

Hand Weapons
 a - a +1 short sword of draining (weapon)
 h - a +1 dagger
Missiles
 b - 80 stones (quivered)
Scrolls
 e - 2 scrolls of remove curse
Potions
 d - a potion of resistance
 f - a potion of brilliance {unknown}
Comestibles
 c - 5 rations


   Skills:
 * Level 2.9 Short Blades
 - Level 2.0 Dodging
 + Level 4.9 Stealth
 - Level 2.0 Spellcasting
 * Level 4.1 Hexes


You had one spell level left.
You knew the following spells:

 Your Spells              Type           Power        Failure   Level  Hunger
a - Corona                Hex            ###....      3%          1    #......
b - Ensorcelled Hibernat  Hex/Ice        #.....       12%         2    ###....
c - Confuse               Hex            ###.....     10%         3    ###....

Your spell library contained the following spells:

 Spells                   Type           Power        Failure   Level  Hunger
 Tukima's Dance           Hex            ###.....     10%         3    ###....
 Dazzling Spray           Conj/Hex       #.....       24%         3    ###....


Dungeon Overview and Level Annotations

Branches:
Dungeon (3/15)

Altars:


Innate Abilities, Weirdness & Mutations

You cannot wear most types of armour.
You are very stealthy in the water. (Stealth+)
You are amphibious.
You can wear up to eight rings at the same time.
You can use your tentacles to constrict eight enemies at once.
Your skin changes colour to match your surroundings (Stealth+).
Your rubbery body absorbs attacks. (AC +1, EV +1)


Message History

The ogre hits you with a +0 giant club!!
Ouch! That really hurt!
You are too injured to fight recklessly!
You are too injured to fight recklessly!
You are too injured to fight recklessly!
You closely miss the jackal. You grab the jackal. You squeeze the jackal.
You kill the jackal!
You closely miss the jackal. Your grab misses the jackal.
The jackal barely misses you.
You hit the jackal. You drain the jackal.
You kill the jackal!
Casting: Ensorcelled Hibernation (safe; 12% risk of failure)
Confirm with . or Enter, or press ? or * to list all spells.
Aiming: Ensorcelled Hibernation (safe; 12% risk of failure)
Press: ? - help, Shift-Dir - straight line, f - ogre
Aim: an ogre, wielding a +0 giant club (moderately wounded, chance to defeat MR: 40%)
The ogre resists with some effort.
The ogre hits you with a +0 giant club!!
Ouch! That really hurt!
You die...

........##.###
...........# ..
##...##.##.##########.
#...##.##.##...##...#
#...# .##.##...##...#
#...# .##.##...##...#
#...##.##.##...##...#
.........#...##...###..
.............@OK.......
.........#...##...###.
.........#...##...#
.........#...##......
.........####..........
.........# ..........
......... ..........
....... ....#..$..
.....#.....


You could see an ogre and a kobold.

Vanquished Creatures
  5 adders
  A gnoll (D:1)
  2 worms (D:2)
  A dart slug (D:2)
  2 leopard geckos
  A giant cockroach (D:2)
  4 goblins
  5 hobgoblins
  13 jackals
  2 bats
  3 frilled lizards (D:2)
  7 kobolds
  3 rats (D:1)
49 creatures vanquished.

Notes
Turn   | Place    | Note
-------+----------+-------------------------------------------
     0 | D:1      | MrRokkomies the Octopode Enchanter began the quest for the
                  | Orb.
     0 | D:1      | Reached XP level 1. HP: 11/11 MP: 3/3
   321 | D:1      | Reached XP level 2. HP: 17/17 MP: 5/5
   463 | D:1      | Learned a level 2 spell: Ensorcelled Hibernation
   478 | D:1      | Reached XP level 3. HP: 13/21 MP: 6/6
  1001 | D:2      | Learned a level 3 spell: Confuse
  1312 | D:2      | Reached XP level 4. HP: 14/27 MP: 7/7
  2214 | D:3      | Noticed an ogre
  2222 | D:3      | Demolished by an ogre

Levels and vault maps discovered:
D:1:      dpeg_arrival_circle_labyrinth_c, layout_basic
D:2:      layout_basic
D:3:      layout_basic, ebering_ghost_sewer_d

Skill      XL: |  1  2  3  4 |
---------------+-------------+-----
Short Blades   | 2 |  2.9
Hexes          | 4 |  4.1
Dodging        | |  2.0
Stealth        | |  4.9
Spellcasting   | |  2.0

Action                   |  1- 3 |  4- 6 || total
-------------------------+-------+-------++-------
Melee: Dagger            |    66 |    10 ||    76
       Constrict         |    18 |     8 ||    26
       Tentacles         |     9 |     7 ||    16
       Short sword       |       |    19 ||    19
Throw: Stone             |     5 |       ||     5
 Cast: Ensorcelled Hiber |     3 |     1 ||     4
  Use: Scroll            |     2 |     2 ||     4
 Stab: Sleeping          |    13 |     7 ||    20
  Eat: Chunk             |     1 |     3 ||     4
Armor: Skin              |     3 |     1 ||     4
Dodge: Dodged            |    32 |     9 ||    41

Table legend:
 A = Non-vault XP
 B = Vault XP
 C = Vault XP percentage of total XP
 D = Non-vault monster count
 E = Vault monster count
 F = Vault count percentage of total count
                 A         B        C        D         E       F
            +---------+---------+-------+---------+---------+-------
      Total |     162 |       0 |   0.0 |      49 |       0 |   0.0
            +---------+---------+-------+---------+---------+-------
        D:1 |      41 |       0 |   0.0 |      18 |       0 |   0.0
        D:2 |      77 |       0 |   0.0 |      25 |       0 |   0.0
        D:3 |      44 |       0 |   0.0 |       6 |       0 |   0.0
            +---------+---------+-------+---------+---------+-------
